 Dungeon Crawl Stone Soup version 0.27-a0-1189-gb8eb6cee8e (webtiles) character file.

Game seed: 16176650862372482239

6610 polve the Eye of the Storm (level 10, 0/80 HPs)
             Began as a Demonspawn Fighter on May 22, 2021.
             Was a Priest of Qazlal.
             Splashed by Maurice's acid (14 damage)
             ... on level 8 of the Dungeon.
             The game lasted 00:08:20 (9502 turns).

polve the Eye of the Storm (Demonspawn Fighter)     Turns: 9502, Time: 00:08:20

Health: 0/80       AC:  8    Str: 20    XL:     10   Next: 71%
Magic:  17/17      EV:  4    Int: 10    God:    Qazlal [***...]
Gold:   360        SH: 20    Dex: 12    Spells: 9/9 levels left

rFire    . . .     SeeInvis .   a - +0 rapier
rCold    . . .     Faith    .   s - +0 tower shield
rNeg     . . .     Spirit   .   l - +0 chain mail
rPois    .         Reflect  .   (helmet restricted)
rElec    .         Harm     .   (no cloak)
rCorr    .         Rampage  .   (no gloves)
Will     .....                  (no boots)
Stlth    ..........             (no amulet)
HPRegen  0.23/turn              (no ring)
MPRegen  0.30/turn              (no ring)

@: corroded
A: talons 2, slimy green scales 1, demonic guardian 1, magic regeneration,
antennae 1
a: Renounce Religion, Upheaval, Elemental Force


You were on level 8 of the Dungeon.
You worshipped Qazlal.
Qazlal was most pleased with you.
You visited 1 branch of the dungeon, and saw 8 of its levels.

You collected 360 gold pieces.

Inventory:

Hand Weapons
 a - a +0 rapier (weapon)
Missiles
 v - 4 throwing nets (quivered)
Armour
 l - a +0 chain mail (worn)
 s - a +0 tower shield (worn)
Jewellery
 p - a ring of willpower
Wands
 b - a wand of mindburst (9)
 e - a wand of iceblast (10)
 m - a wand of flame (17)
Scrolls
 f - a scroll of noise {unknown}
 g - 3 scrolls of teleportation {unknown}
 i - 6 scrolls of identify {unknown}
 j - 2 scrolls of magic mapping {unknown}
 k - 3 scrolls of enchant armour {unknown}
 o - a scroll of vulnerability {unknown}
 q - 2 scrolls of silence {unknown}
 r - a scroll of torment {unknown}
 u - a scroll of enchant weapon {unknown}
Potions
 d - a potion of might
 h - 7 potions of curing
 n - a potion of heal wounds
 t - 2 potions of mutation


   Skills:
 - Level 8.0 Fighting
 + Level 7.7 Short Blades
 + Level 5.5 Armour
 * Level 9.4 Shields
 - Level 10.0 Invocations


You had 9 spell levels left.
You didn't know any spells.
Your spell library contained the following spells:

 Spells                   Type           Power      Damage    Failure   Level
 Animate Skeleton         Necr           0%         N/A       100%        1
 Apportation              Tloc           0%         N/A       100%        1
 Corona                   Hex            0%         N/A       100%        1
 Summon Small Mammal      Summ           0%         N/A       100%        1
 Ensorcelled Hibernation  Hex/Ice        0%         N/A       100%        2
 Poisonous Vapours        Pois/Air       0%         N/A       100%        2
 Confusing Touch          Hex            0%         N/A       100%        3
 Conjure Flame            Conj/Fire      0%         6-21      100%        3
 Dazzling Flash           Conj/Hex       0%         N/A       100%        3
 Mephitic Cloud           Conj/Pois/Air  0%         N/A       100%        3
 Tukima's Dance           Hex            0%         N/A       100%        3
 Freezing Cloud           Conj/Ice/Air   0%         6-21      100%        6


Dungeon Overview and Level Annotations

Branches:
Dungeon (8/15)             Temple (0/1) D:7
   Lair: D:8-11

Altars:
Dithmenos
Hepliaklqana
Qazlal
Trog

Shops:
D:6 ?*!?

Annotations:
D:6 3 runed translucent doors, DeusExInfernus's ghost, novice DECj
D:8 Maurice


Innate Abilities, Weirdness & Mutations

You have razor-sharp toenails.
You are partially covered in slimy green scales. (AC +2)
A weak demonic guardian rushes to your aid.
You regenerate magic rapidly.
You have a pair of small antennae on your head.


Message History

The howler monkey hoots and howls with incredible vigour!
Maurice the Thief comes into view.
He is wielding a +0 short sword and carrying a wand of acid (7).
You block the howler monkey's attack.
You puncture the howler monkey!
You kill the howler monkey!
Qazlal accepts your kill.
The howler monkey hits you but does no damage.
You puncture the howler monkey! Your kick misses the howler monkey.
The howler monkey is heavily wounded.
You block the howler monkey's attack. x2
You hit the howler monkey. You claw the howler monkey.
The howler monkey is almost dead.
The howler monkey is engulfed in blazing flames.
You kill the howler monkey!
Qazlal accepts your kill.
Maurice zaps a wand.
The bolt of acid hits you!
You are splashed with acid!
Aiming: Mindburst
Press: ? - help, Shift-Dir - straight line, f - Maurice
Aim: Maurice, wielding a +0 short sword, wearing a +0 cloak and carrying a wand of acid (6) (chance to affect: 65%) Maurice struggles to resist.
Aiming: Mindburst
Press: ? - help, Shift-Dir - straight line, f/p - Maurice
Aim: Maurice, wielding a +0 short sword, wearing a +0 cloak and carrying a wand of acid (6) (chance to affect: 65%) Maurice struggles to resist.
Maurice gestures wildly while chanting.
Maurice puts on a burst of speed!
Aiming: Throw Flame
Press: ? - help, Shift-Dir - straight line, f/p - Maurice
Aim: Maurice, wielding a +0 short sword, wearing a +0 cloak and carrying a wand of acid (6) (covering ground quickly, 56% to hit)
The puff of flame hits Maurice.
Maurice is lightly wounded.
Aiming: Iceblast
Press: ? - help, Shift-Dir - straight line, f/p - Maurice
Aim: Maurice, wielding a +0 short sword, wearing a +0 cloak and carrying a wand of acid (6) (lightly wounded, covering ground quickly)
The mass of ice explodes!
The iceblast engulfs Maurice!
Maurice is moderately wounded.
Maurice zaps a wand.
The bolt of acid hits you!!
* * * LOW HITPOINT WARNING * * *
A demonic guardian appears!
The acid corrodes you!
You are splashed with acid!
You die...

.... +....#.......+ ...
#.##.#.......####
########.##.##+#........
....<'....+....#........
.....#....#....'........
...########+####.....>..
#### ........#######
......†○# .....@.@#
......○)# ......5.#
........# #........
#........ +........
#.........


You could see Maurice (swift, ally target) and a friendly white imp (summoned).

Vanquished Creatures
  Harold (D:7)
  Prince Ribbit (D:5)
  Edmund (D:6)
  Menkaure (D:6)
  4 water moccasins
  Duvessa (D:7)
  2 sky beasts
  A black bear (D:5)
  A necrophage (D:4)
  An orc warrior (D:5)
  An ice beast (D:6)
  An ogre (D:6)
  2 centaurs
  2 phantoms
  3 bullfrogs
  3 scorpions
  Dowan (D:7)
  4 wights (D:6)
  3 howler monkeys (D:8)
  A bullfrog zombie (D:5)
  A hound (D:5)
  A jelly (D:4)
  Jessica (D:2)
  Ijyb (D:3)
  Natasha (twice) (D:3)
  Terence (D:3)
  A hound skeleton (D:4)
  4 gnolls (D:7)
  5 adders
  2 white imps
  An ufetubus (D:5)
  An adder skeleton (D:4)
  2 dart slugs
  10 orcs
  5 bats
  9 endoplasms
  3 giant cockroaches
  8 goblins
  6 hobgoblins
  6 jackals
  4 kobolds
  4 quokkas (D:1)
  11 ball pythons
  A frilled lizard (D:2)
  5 rats
130 creatures vanquished.

Vanquished Creatures (collateral kills)
  Grinder (D:3)
  An ogre (D:4)
  An iguana (D:4)
  Natasha (D:3)
  A hound skeleton (D:4)
  A shadow imp (D:7)
  A quokka (D:4)
  A bat (D:3)
8 creatures vanquished.

Vanquished Creatures (others)
  A rat (D:3)
  3 fungi (D:6)
  A plant (D:6)
5 creatures vanquished.

Grand Total: 143 creatures vanquished

Notes
Turn   | Place    | Note
-------+----------+-------------------------------------------
     0 | D:1      | polve the Demonspawn Fighter began the quest for the Orb.
     0 | D:1      | Reached XP level 1. HP: 18/18 MP: 1/1
   429 | D:1      | Gained mutation: You are partially covered in slimy green
                  | scales. (AC +2) [demonic ancestry]
   429 | D:1      | Reached XP level 2. HP: 23/24 MP: 2/2
   853 | D:2      | Found a faded altar of an unknown god.
   870 | D:2      | Became a worshipper of Qazlal Stormbringer
   870 | D:2      | Reached * piety under Qazlal
  1053 | D:2      | Noticed Jessica
  1058 | D:2      | Killed Jessica
  1059 | D:2      | Gained mutation: A weak demonic guardian rushes to your
                  | aid. [demonic ancestry]
  1059 | D:2      | Reached XP level 3. HP: 14/29 MP: 3/3
  1320 | D:2      | Gained mutation: You have sharp toenails. [demonic
                  | ancestry]
  1320 | D:2      | Reached XP level 4. HP: 31/35 MP: 4/4
  1709 | D:3      | Noticed Natasha
  1719 | D:3      | Killed Natasha
  1720 | D:3      | Reached skill level 2 in Invocations
  1751 | D:3      | Reached ** piety under Qazlal
  1879 | D:3      | Noticed Natasha
  1889 | D:3      | Killed Natasha
  1890 | D:3      | Reached skill level 3 in Invocations
  1975 | D:3      | Reached XP level 5. HP: 36/41 MP: 7/7
  1980 | D:3      | Noticed Ijyb
  1981 | D:3      | Noticed Terence
  2011 | D:3      | Killed Terence
  2012 | D:3      | Reached skill level 4 in Invocations
  2017 | D:3      | Killed Ijyb
  2022 | D:3      | Noticed Grinder
  2022 | D:3      | Paralysed by Grinder for 2 turns
  2029 | D:3      | Noticed Natasha
  2033 | D:3      | Killed Natasha
  2034 | D:3      | Reached skill level 5 in Invocations
  2044 | D:3      | Paralysed by Grinder for 2 turns
  2060 | D:3      | Paralysed by Grinder for 4 turns
  2068 | D:3      | Killed Grinder
  2069 | D:3      | Reached skill level 6 in Invocations
  2069 | D:3      | Gained mutation: You have razor-sharp toenails. [demonic
                  | ancestry]
  2069 | D:3      | Reached XP level 6. HP: 19/47 MP: 8/11
  2474 | D:4      | Reached skill level 7 in Invocations
  2634 | D:4      | HP: 2/47 [ogre/+0 giant spiked club (15)]
  2638 | D:4      | Reached skill level 8 in Invocations
  2652 | D:4      | Reached XP level 7. HP: 6/52 MP: 13/13
  3464 | D:4      | Found a bloodstained altar of Trog.
  3469 | D:4      | Found a shadowy altar of Dithmenos.
  3484 | D:4      | Found a hazy altar of Hepliaklqana.
  3851 | D:5      | Entered Level 5 of the Dungeon
  3859 | D:5      | Reached skill level 9 in Invocations
  3971 | D:5      | Noticed Prince Ribbit
  3999 | D:5      | Killed Prince Ribbit
  4000 | D:5      | Reached skill level 10 in Invocations
  4369 | D:5      | Reached *** piety under Qazlal
  4370 | D:5      | Reached XP level 8. HP: 54/60 MP: 15/15
  5401 | D:6      | Found Akhivu's Magic Scroll Shoppe.
  5446 | D:6      | Found Kotoint's Distillery.
  5493 | D:6      | Reached skill level 5 in Fighting
  5726 | D:6      | Found Hammeewn's Magic Scroll Shoppe.
  5735 | D:6      | Noticed Edmund
  5762 | D:6      | Killed Edmund
  6016 | D:6      | Reached skill level 5 in Shields
  6309 | D:6      | Found a runed translucent gate.
  6310 | D:6      | Found a runed translucent gate.
  6311 | D:6      | Found a runed translucent gate.
  6322 | D:6      | Noticed a kobold demonologist
  6429 | D:6      | Noticed DeusExInfernus's ghost (novice DECj)
  6606 | D:6      | Noticed Menkaure
  6617 | D:6      | Killed Menkaure
  6853 | D:6      | Found Owybeh's Assorted Antiques.
  6857 | D:6      | Gained mutation: You regenerate magic rapidly. [demonic
                  | ancestry]
  6857 | D:6      | Reached XP level 9. HP: 50/69 MP: 16/16
  8099 | D:7      | Noticed Dowan
  8101 | D:7      | Noticed Duvessa
  8114 | D:7      | Killed Dowan
  8119 | D:7      | Killed Duvessa
  8862 | D:7      | Noticed Harold
  8868 | D:7      | Reached skill level 5 in Armour
  8868 | D:7      | Reached XP level 10. HP: 80/80 MP: 17/17
  8869 | D:7      | Gained mutation: You have a pair of small antennae on your
                  | head. [potion of mutation]
  8877 | D:7      | Killed Harold
  9141 | D:7      | Found a staircase to the Ecumenical Temple.
  9495 | D:8      | Noticed Maurice
  9502 | D:8      | Splashed by Maurice's acid

Illustrated notes

Levels and vault maps discovered:
D:1:      dpeg_arrival_orchard, layout_rooms
D:2:      layout_rooms, ebering_ecumenical_altar_hall, uniq_jessica
D:3:      layout_basic, grunt_ministairs_11, minmay_misc_feat_tiny,
          uniq_grinder, uniq_ijyb, uniq_terence, uniq_natasha
D:4:      layout_loops_ring, grunt_temple_overflow_open,
          kennysheep_another_room, roderic_lattice_a, minmay_starry_boxes
D:5:      layout_basic, uniq_prince_ribbit1
D:6:      layout_basic, gammafunk_ghost_nasty_kobolds, serial_shops, shop,
          nicolae_shop_overgrown_old_shop, nicolae_shop_trees, shop,
          uniq_edmund, uniq_menkaure
D:7:      layout_loops_ring, minmay_temple_entry_ruins, uniq_duvessa,
          uniq_harold
D:8:      layout_gridville, enter_bailey_6, nicolae_zen_rock_garden,
          uniq_maurice

Skill      XL: |  1  2  3  4  5  6  7  8  9 10 |
---------------+-------------------------------+-----
Short Blades   | 2 3 4 7 |  7.7
Invocations    | 3 6 8 10 | 10.0
Shields        | 3 6 9 |  9.4
Fighting       | 6 7 8 |  8.0
Armour         | 5 |  5.5

Action                   |  1- 3 |  4- 6 |  7- 9 | 10-12 || total
-------------------------+-------+-------+-------+-------++-------
Melee: Rapier            |   111 |   106 |   338 |    42 ||   597
       Kick              |       |    25 |    95 |    12 ||   132
Invok: Upheaval          |       |       |     3 |       ||     3
Evoke: Wand              |       |       |       |     4 ||     4
  Use: Potion            |       |     5 |     4 |     2 ||    11
 Stab: Distracted        |       |     2 |     1 |       ||     3
Armor: Scale mail        |    38 |       |       |       ||    38
       Chain mail        |    23 |    53 |   118 |    18 ||   212
Dodge: Dodged            |    36 |    18 |    24 |     8 ||    86
Block: Kite shield       |    75 |    56 |    16 |       ||   147
       Tower shield      |       |       |   343 |    56 ||   399

Table legend: (Time is in decaauts)
 A = Elapsed time spent in this place.
 B = Non-inter-level travel time spent in this place.
 C = Inter-level travel time spent in this place.
 D = Time resting spent in this place.
 E = Time spent auto-exploring this place.
 F = Levels seen in this place.
 G = Mean time per level.
                   A        B        C        D        E       F      G
               +--------+--------+--------+--------+--------+-----+--------+
         Total |   9696 |   9494 |    202 |      0 |   8130 |   8 | 1212.0 |
       Dungeon |   9696 |   9494 |    202 |      0 |   8130 |   8 | 1212.0 |
               +--------+--------+--------+--------+--------+-----+--------+

Top non-repeatable levels by time:
     D:6: 2652 daAuts
     D:5: 1673 daAuts
     D:7: 1383 daAuts
     D:4: 1141 daAuts
     D:3: 1084 daAuts
     D:1: 870 daAuts
     D:2: 824 daAuts
     D:8: 68 daAuts
